[Event "Titled Tuesday Blitz June 21 Early 2022"]
[White "Oparin, Grigoriy"]
[Black "Bilych, Olexiy"]
[WhiteFideId "24125890"]
[BlackFideId "14156504"]
[WhiteElo "2639"]
[BlackElo "2189"]
[Result "1-0"]
[Round "02"]
[TimeControl "180+1"]
[Date "2022.06.21"]
[WhiteClock "0:02:16"]
[BlackClock "0:00:10"]

1. c4 e5 2. Nc3 Nf6 3. Nf3 Nc6 4. e4 Bb4 5. d3 d6 6. a3 Bc5 7. b4 Bb6 8. Be3 Bg4 9. Be2 Bxf3 10. Bxf3 Bxe3 11. fxe3 Ne7 12. O-O Qd7 13. Ra2 h5 14. a4 Ng6 15. a5 Nh4 16. a6 b6 17. Raf2 Nxf3+ 18. Rxf3 O-O-O 19. Qb3 Kb8 20. b5 h4 21. h3 Rh5 22. Na2 Rdh8 23. Nb4 Rg5 24. Qd1 Rh6 25. R1f2 Rhg6 26. Qe2 Rg3 27. Rxg3 Rxg3 28. Kh2 Qe6 29. Rf3 Rxf3 30. Qxf3 g6 31. Qf2 g5 32. g3 hxg3+ 33. Qxg3 Nh7 34. Nc6+ Ka8 35. Qf3 Qg6 36. Qg4 f5 37. exf5 Qf6 38. Qe4 1-0


[Site "https://www.chess.com"]

[Event "Titled Tuesday Blitz June 21 Early 2022"]
[White "Ovchinnikov, Vsevolod"]
[Black "Lauridsen, Jesper Morch"]
[WhiteFideId "24176842"]
[BlackFideId "1401890"]
[WhiteElo "2376"]
[BlackElo "2217"]
[Result "1-0"]
[Round "02"]
[TimeControl "180+1"]
[Date "2022.06.22"]
[WhiteClock "0:01:24"]
[BlackClock "0:00:10"]

1. d4 Nf6 2. c4 e6 3. g3 c5 4. d5 exd5 5. cxd5 d6 6. Nc3 g6 7. Bg2 Bg7 8. Nf3 O-O 9. O-O Re8 10. Nd2 Na6 11. Nc4 Nc7 12. a4 b6 13. Bf4 Bf8 14. Qd2 Ba6 15. b3 Bxc4 16. bxc4 Nh5 17. Bg5 Be7 18. Bh6 Na6 19. g4 Ng7 20. h3 Nb4 21. Ne4 f5 22. Ng3 fxg4 23. hxg4 Bf6 24. Ra3 Qd7 25. Bh3 Be5 26. Kh2 Re7 27. f4 Bd4 28. e3 Bxe3 29. Rxe3 Rxe3 30. Qxe3 Nc2 31. Qd3 Nd4 32. Ne2 Nxe2 33. Qxe2 Re8 34. Qb2 Re7 35. f5 Ne8 36. fxg6 hxg6 37. Rf8+ Kh7 38. Qh8# 1-0


[Site "https://www.chess.com"]

[Event "Titled Tuesday Blitz June 21 Early 2022"]
[White "Papp, Levente"]
[Black "Livaic, Leon"]
[WhiteFideId "751243"]
[BlackFideId "14531534"]
[WhiteElo "2308"]
[BlackElo "2540"]
[Result "0-1"]
[Round "02"]
[TimeControl "180+1"]
[Date "2022.06.21"]
[WhiteClock "0:00:06"]
[BlackClock "0:00:32"]

1. Nf3 Nf6 2. g3 d5 3. Bg2 e6 4. O-O Be7 5. c4 O-O 6. b3 b6 7. Bb2 Bb7 8. e3 Nbd7 9. Nc3 dxc4 10. bxc4 c5 11. Qe2 a6 12. Rfd1 Qc7 13. Rac1 Rac8 14. Ne1 Bxg2 15. Nxg2 Ne8 16. g4 Nd6 17. d3 Qb7 18. f4 b5 19. Ba1 b4 20. Nb1 Bf6 21. Bxf6 Nxf6 22. g5 Nd7 23. Nd2 Nf5 24. Nf3 a5 25. Rb1 a4 26. h4 Rfe8 27. e4 Nd4 28. Nxd4 cxd4 29. h5 Rb8 30. g6 Nc5 31. gxh7+ Kxh7 32. Kf2 b3 33. Rg1 Qe7 34. axb3 Rxb3 35. Rxb3 axb3 36. Kg3 Rb8 37. Rb1 e5 38. Qg4 Nxd3 39. Qf5+ Kh8 40. h6 g6 41. Qg4 exf4+ 42. Nxf4 Qe5 43. Kf3 Nxf4 44. Qxf4 f6 45. c5 Kh7 46. c6 Qxf4+ 47. Kxf4 Kxh6 48. e5 fxe5+ 49. Kxe5 d3 50. Kd4 d2 51. Kc3 Rd8 52. Rd1 Rd6 53. Rxd2 Rxc6+ 54. Kxb3 g5 55. Kb4 g4 56. Kb5 Rc1 57. Rd5 g3 58. Kb4 g2 59. Rd6+ Kg5 0-1


[Site "https://www.chess.com"]

[Event "Titled Tuesday Blitz June 21 Early 2022"]
[White "Parkhov, Yair"]
[Black "Lima, Kleyton Alcantara"]
[WhiteFideId "2813408"]
[BlackFideId "22718397"]
[WhiteElo "2206"]
[BlackElo "1951"]
[Result "1-0"]
[Round "02"]
[TimeControl "180+1"]
[Date "2022.06.22"]
[WhiteClock "0:01:24"]
[BlackClock "0:02:01"]

1. d4 Nf6 2. c4 e6 3. Nc3 Bb4 4. e3 b6 5. Nf3 O-O 6. Bd3 Bb7 7. O-O d5 8. cxd5 exd5 9. Ne5 Nbd7 10. f4 c5 11. Ne2 Rc8 12. a3 Ba5 13. b4 cxb4 14. axb4 Bxb4 15. Rxa7 Qc7 16. Ng3 Qb8 17. Qa4 Nxe5 18. fxe5 Ne4 19. Bxe4 dxe4 20. Rxb7 Qxb7 21. Qxb4 Qc6 22. Nf5 Qc4 23. Ba3 1-0


[Site "https://www.chess.com"]

[Event "Titled Tuesday Blitz June 21 Early 2022"]
[White "Perera Alfonso, Rene Humberto"]
[Black "Mahitosh, Dey"]
[WhiteFideId "3514722"]
[BlackFideId "25091468"]
[WhiteElo "2313"]
[BlackElo "1624"]
[Result "0-1"]
[Round "02"]
[TimeControl "180+1"]
[Date "2022.06.22"]
[WhiteClock "0:00:03"]
[BlackClock "0:00:13"]

1. e4 e5 2. Nf3 Nc6 3. Bb5 a6 4. Ba4 Nf6 5. O-O b5 6. Bb3 Bb7 7. Re1 Bc5 8. d3 d6 9. c3 O-O 10. Nbd2 a5 11. Nf1 a4 12. Bc2 h6 13. Ng3 Qb8 14. Nf5 Qa7 15. Rf1 Rae8 16. Bxh6 gxh6 17. Nxh6+ Kh7 18. Nf5 Ne7 19. Ng5+ Kg6 20. Qf3 Rh8 21. h4 Bc8 22. d4 Bb6 23. Qg3 Nh5 24. Qg4 Nf6 25. Qg3 Nh5 26. Qf3 f6 27. Qg4 fxg5 28. Qxg5+ Kf7 29. Bd1 Bxf5 30. Bxh5+ Bg6 31. Bg4 Reg8 32. f4 exd4 33. f5 dxc3+ 34. Kh2 Bxf5 35. Rxf5+ Ke8 36. Qf6 Bd4 37. Qe6 Rxh4+ 38. Kg3 Rgxg4+ 39. Kf3 Rf4+ 40. Rxf4 Rxf4+ 41. Kxf4 Be5+ 42. Kf3 cxb2 43. Rh1 Qd4 44. Rh7 Qd1+ 45. Ke3 Qe1+ 46. Kf3 Qf1+ 47. Ke3 Qf4+ 48. Ke2 Qxe4+ 49. Kd2 Qxh7 50. Qg6+ Qxg6 0-1


[Site "https://www.chess.com"]

[Event "Titled Tuesday Blitz June 21 Early 2022"]
[White "Perez Gormaz, Matias"]
[Black "Petrova, Irina"]
[WhiteFideId "3406342"]
[BlackFideId "14124122"]
[WhiteElo "2341"]
[BlackElo "1993"]
[Result "1-0"]
[Round "02"]
[TimeControl "180+1"]
[Date "2022.06.22"]
[WhiteClock "0:00:15"]
[BlackClock "0:00:08"]

1. e4 d6 2. c4 c5 3. Nc3 Nf6 4. g3 g6 5. Bg2 Bg7 6. Nge2 O-O 7. O-O Nc6 8. d3 Rb8 9. h3 Bd7 10. Be3 a6 11. a4 Ne8 12. d4 cxd4 13. Nxd4 Nc7 14. Nde2 b5 15. axb5 axb5 16. c5 dxc5 17. Bxc5 b4 18. Nd5 Bxb2 19. Rb1 Bg7 20. Bb6 Rxb6 21. Nxb6 Be6 22. Nd5 Nb5 23. Qa4 Nbd4 24. Nxd4 Nxd4 25. Qxb4 Bxd5 26. exd5 Ne2+ 27. Kh2 Nc3 28. Rbe1 Bf6 29. Qc4 Qd6 30. Re3 Rd8 31. Rxc3 Bxc3 32. Qxc3 e6 33. dxe6 Qxe6 34. Qe3 Qf6 35. Re1 Kg7 36. Qe5 Rd2 37. Qxf6+ Kxf6 38. Kg1 Rb2 39. h4 Kg7 40. Re3 h5 41. Bf3 Ra2 42. Kg2 Ra7 43. Rb3 Rc7 44. Rb7 Rc5 45. Rd7 Rf5 46. Bd5 Rf6 47. f4 Rf5 48. Kf3 Rf6 49. Ke4 Rf5 50. Rd6 Rf6 51. Rxf6 Kxf6 52. Bc4 Ke7 53. Ke5 f6+ 54. Kd5 Kf7 55. Kd6+ Kg7 56. Ke7 g5 57. Be2 gxf4 58. gxf4 Kg6 59. Ke6 Kh6 60. Kxf6 Kh7 61. Bxh5 Kh6 62. Bg4 Kh7 63. Kg5 1-0


[Site "https://www.chess.com"]

[Event "Titled Tuesday Blitz June 21 Early 2022"]
[White "Petrovic, Aleksa"]
[Black "Abdi, Farzad"]
[WhiteFideId "967629"]
[BlackFideId "2076829"]
[WhiteElo "2117"]
[BlackElo "2243"]
[Result "0-1"]
[Round "02"]
[TimeControl "180+1"]
[Date "2022.06.22"]
[WhiteClock "0:00:02"]
[BlackClock "0:00:27"]

1. d4 Nf6 2. c4 e5 3. dxe5 Ng4 4. Nf3 Bc5 5. e3 Nc6 6. Nc3 O-O 7. Be2 Re8 8. O-O Ncxe5 9. Nxe5 Nxe5 10. Na4 Bf8 11. b3 Qh4 12. g3 Qh3 13. f4 Nc6 14. Bg4 Qh6 15. e4 d6 16. f5 Qf6 17. Bb2 Qg5 18. Rf4 Ne5 19. Be2 Bd7 20. Nc3 Bc6 21. Qd4 Be7 22. Raf1 Bf6 23. Qf2 Nd7 24. h4 Qh6 25. Bd3 Be5 26. Rf3 Bxc3 27. Bxc3 Ne5 28. Bxe5 Rxe5 29. Rf4 Rae8 30. f6 g6 31. g4 R8e6 32. g5 Qf8 33. Qg2 Qe8 34. Re1 b6 35. h5 gxh5 36. Re3 Kh8 37. Rh4 Bb7 38. Rxh5 Bxe4 39. Bxe4 Rxe4 40. Qh2 Qg8 41. Rxe4 Rxe4 42. Kf2 Qg6 43. Rh6 Qf5+ 44. Kg1 Re1+ 45. Kg2 Re2+ 46. Kg3 0-1


[Site "https://www.chess.com"]

[Event "Titled Tuesday Blitz June 21 Early 2022"]
[White "Pham, Le Thao Nguyen"]
[Black "Makarian, Rudik"]
[WhiteFideId "12401226"]
[BlackFideId "44105681"]
[WhiteElo "2481"]
[BlackElo "2770"]
[Result "0-1"]
[Round "02"]
[TimeControl "180+1"]
[Date "2022.06.22"]
[WhiteClock "0:00:07"]
[BlackClock "0:00:44"]

1. d4 Nf6 2. Nf3 c5 3. c3 e6 4. Bf4 b6 5. e3 Bb7 6. Nbd2 cxd4 7. exd4 Be7 8. Bd3 O-O 9. O-O d6 10. Qe2 a6 11. a4 Nbd7 12. Rfe1 Re8 13. h3 Nf8 14. Bg3 Ng6 15. Ne4 Nxe4 16. Bxe4 Bxe4 17. Qxe4 d5 18. Qg4 b5 19. h4 h6 20. h5 Nf8 21. Ne5 Bf6 22. Nd3 Nd7 23. a5 Be7 24. b4 Nf6 25. Qf3 Ne4 26. Rxe4 dxe4 27. Qxe4 Qd5 28. Qg4 Bf6 29. Nc5 e5 30. Ne4 Qe6 31. Nxf6+ Qxf6 32. Bxe5 Qg5 33. Qxg5 hxg5 34. Rd1 Rac8 35. Rd3 f6 36. Bd6 Kf7 37. d5 Re1+ 38. Kh2 Rh8 39. g4 Re4 40. f3 Re2+ 41. Kg3 g6 42. Bc5 gxh5 43. gxh5 Rxh5 44. d6 Rhh2 45. f4 Reg2+ 46. Kf3 Rh3+ 47. Kxg2 Rxd3 48. fxg5 fxg5 49. Bd4 Ke6 50. Bc5 Rxc3 51. Kf2 g4 52. Kg2 Rxc5 53. bxc5 b4 54. Kg3 b3 0-1


[Site "https://www.chess.com"]

[Event "Titled Tuesday Blitz June 21 Early 2022"]
[White "Piliczewski, Bogusz"]
[Black "Rios Escobar, Adan"]
[WhiteFideId "1104144"]
[BlackFideId "3403645"]
[WhiteElo "1896"]
[BlackElo "2448"]
[Result "0-1"]
[Round "02"]
[TimeControl "180+1"]
[Date "2022.06.22"]
[WhiteClock "0:00:02"]
[BlackClock "0:00:21"]

1. d4 Nf6 2. Nf3 g6 3. Bf4 b6 4. e3 Bb7 5. Be2 Bg7 6. h3 d6 7. O-O O-O 8. c4 Nbd7 9. Nc3 Ne4 10. Qc2 Nxc3 11. Qxc3 Re8 12. Rfd1 c5 13. Qd2 Rc8 14. Rac1 Rc7 15. a3 Nf6 16. b4 Ne4 17. Qc2 Qc8 18. Bd3 Nf6 19. bxc5 bxc5 20. d5 Ba6 21. Rb1 Nd7 22. Rb3 Nb6 23. Rdb1 Qd7 24. Nd2 Rb8 25. e4 Rcb7 26. Nf1 Nc8 27. Bd2 Rxb3 28. Rxb3 Rxb3 29. Qxb3 Qb7 30. Qxb7 Bxb7 31. Ba5 Nb6 32. Ne3 Bc8 33. Bc2 Bd7 34. Bb3 Bd4 35. Nc2 Bb2 36. Bxb6 axb6 37. a4 Bc1 38. f3 Kf8 39. Kf2 h5 40. Ne1 Ke8 41. Nd3 Bd2 42. Ke2 Bc3 43. Nc1 Kd8 44. Kd3 Be5 45. Ne2 g5 46. Bd1 f6 47. Ke3 Kc7 48. f4 Bb2 49. fxg5 fxg5 0-1


[Site "https://www.chess.com"]

[Event "Titled Tuesday Blitz June 21 Early 2022"]
[White "Pinheiro, Iung Alicio de O."]
[Black "Kosakowski, Jakub"]
[WhiteFideId "2104350"]
[BlackFideId "1185080"]
[WhiteElo "2283"]
[BlackElo "2476"]
[Result "0-1"]
[Round "02"]
[TimeControl "180+1"]
[Date "2022.06.21"]
[WhiteClock "0:00:06"]
[BlackClock "0:00:08"]

1. e4 e5 2. Bc4 Nf6 3. d3 c6 4. Nf3 Be7 5. O-O d6 6. Re1 O-O 7. Bb3 Nbd7 8. a3 Nc5 9. Ba2 Bg4 10. Nbd2 Nfd7 11. h3 Bh5 12. Nf1 Bxf3 13. Qxf3 Bg5 14. Ne3 Ne6 15. c3 g6 16. Bd2 Ndc5 17. Nf1 Kg7 18. Rad1 Bxd2 19. Rxd2 Qb6 20. Red1 Nb3 21. Bxb3 Qxb3 22. d4 exd4 23. cxd4 Qxf3 24. gxf3 Nf4 25. h4 f5 26. e5 Rfe8 27. Ne3 dxe5 28. dxe5 Re7 29. Nc4 Rae8 30. Nd6 Rf8 31. Nc4 Nd5 32. Kg2 h6 33. Rd4 g5 34. h5 Nf4+ 35. Rxf4 gxf4 36. Rd4 Kf7 37. Rxf4 Ke6 38. Rd4 Rd7 39. Rh4 Rg8+ 40. Kf1 Rd5 41. Ke2 b5 42. Ne3 Rxe5 43. f4 Re4 44. Kf3 Rd8 45. Rh1 Rdd4 46. Ng2 Rd2 47. Ne3 Rxb2 48. Rg1 Rb3 49. Rg6+ Kd7 50. Rxh6 Rxa3 51. Rf6 Raa4 52. Rxf5 Re6 53. Rg5 b4 54. Nc4 b3 55. Ne5+ Rxe5 56. fxe5 b2 57. Rg7+ Kc8 58. Rg8+ Kb7 59. Rg7+ Ka6 60. h6 b1=Q 61. h7 Qf5+ 62. Kg2 Rg4+ 63. Kf1 Qd3+ 64. Ke1 Re4# 0-1


[Site "https://www.chess.com"]

[Event "Titled Tuesday Blitz June 21 Early 2022"]
[White "Pranesh M"]
[Black "Barria Zuniga, Daniel"]
[WhiteFideId "35028600"]
[BlackFideId "3400816"]
[WhiteElo "1902"]
[BlackElo "2414"]
[Result "0-1"]
[Round "02"]
[TimeControl "180+1"]
[Date "2022.06.21"]
[WhiteClock "0:01:03"]
[BlackClock "0:00:19"]

1. e4 c5 2. Nf3 e6 3. d4 cxd4 4. Nxd4 a6 5. Nc3 Qc7 6. Bd3 Nf6 7. O-O d6 8. Bg5 Nbd7 9. Kh1 b5 10. a3 Bb7 11. f4 h6 12. Bh4 g5 13. fxg5 hxg5 14. Bxg5 Be7 15. Nf3 O-O-O 16. Qe1 Rdg8 17. h3 Kd8 18. Rd1 Nh5 19. Bxe7+ Kxe7 20. Qh4+ Ndf6 21. Ng5 d5 22. Rf3 Rxg5 23. Qxg5 Rg8 24. Qh4 dxe4 25. Rxf6 Nxf6 26. Bxe4 Qc4 27. Rf1 Qxf1+ 28. Kh2 Qc4 29. Qf4 Bxe4 30. g4 Bc6 31. Qe5 Nd7 32. Qe3 Qc5 33. Qe2 Qe5+ 34. Qxe5 Nxe5 35. Kg3 f5 36. g5 Rxg5+ 37. Kf4 Nf7 38. Ne2 e5+ 39. Ke3 f4+ 40. Kf2 Rg2+ 41. Kf1 f3 42. Nc3 Rxc2 43. Nd1 Re2 44. Nc3 Rxb2 45. a4 bxa4 46. h4 a3 47. h5 a2 48. Nxa2 Rxa2 49. h6 Nxh6 50. Ke1 Be8 51. Kf1 Nf7 52. Ke1 Nh8 53. Kf1 e4 54. Ke1 Re2+ 55. Kf1 a5 56. Kg1 a4 57. Kf1 a3 58. Kg1 a2 59. Kf1 a1=Q# 0-1


[Site "https://www.chess.com"]

[Event "Titled Tuesday Blitz June 21 Early 2022"]
[White "Priyanka Nutakki"]
[Black "Stribuk, Artiom"]
[WhiteFideId "25049615"]
[BlackFideId "13515659"]
[WhiteElo "1912"]
[BlackElo "2259"]
[Result "0-1"]
[Round "02"]
[TimeControl "180+1"]
[Date "2022.06.21"]
[WhiteClock "0:00:11"]
[BlackClock "0:00:12"]

1. d4 Nf6 2. c4 g6 3. Nc3 d5 4. cxd5 Nxd5 5. Bd2 Bg7 6. e4 Nxc3 7. Bxc3 O-O 8. Be2 c5 9. d5 Bxc3+ 10. bxc3 e6 11. Nf3 exd5 12. exd5 Bf5 13. O-O Nd7 14. c4 Re8 15. h3 Qf6 16. Bd3 Re7 17. Rb1 b6 18. Qc2 Bxh3 19. d6 Re6 20. Be4 Rae8 21. Bd5 Bf5 22. Qa4 Bxb1 23. Qxd7 Rd8 24. Qxa7 Bd3 25. Bxe6 Bxf1 26. Bd5 Be2 27. Ng5 Qxg5 28. Qxf7+ Kh8 29. d7 Qc1+ 30. Kh2 Qh6+ 31. Kg1 Qf8 32. Qe6 h6 33. Qe5+ Kh7 34. Qxe2 Rxd7 35. Qe6 Rd6 36. Qe5 Qf6 37. Qe8 Rd8 38. Qe4 Qa1+ 39. Kh2 Qf6 40. Kg1 Kg7 41. Qe2 Qa1+ 42. Kh2 Qf6 43. Kg1 h5 44. a4 Rd7 45. Qe4 Re7 46. Qd3 Re1+ 47. Kh2 Qf4+ 48. Qg3 Qxg3+ 49. Kxg3 Ra1 50. Bc6 Kf6 51. Bb5 g5 52. Kf3 Ra3+ 53. Ke2 Ke5 54. g3 h4 55. gxh4 gxh4 56. Kf1 Kf4 57. Kg2 Rd3 58. Kh2 Rc3 59. Kg2 Kg4 60. Kh2 Kf3 61. Kh3 Kxf2+ 62. Kxh4 Ke3 63. Kg4 Kd4 64. Kf5 Rxc4 65. Ke6 Rb4 66. Kd6 c4 67. Kc6 c3 68. Kxb6 c2 69. a5 c1=Q 70. a6 Qc5+ 71. Kb7 Qxb5+ 0-1


[Site "https://www.chess.com"]

[Event "Titled Tuesday Blitz June 21 Early 2022"]
[White "Prokofiev, Valentyn"]
[Black "Zierk, Steven"]
[WhiteFideId "14160161"]
[BlackFideId "2034255"]
[WhiteElo "2142"]
[BlackElo "2494"]
[Result "0-1"]
[Round "02"]
[TimeControl "180+1"]
[Date "2022.06.21"]
[WhiteClock "0:00:21"]
[BlackClock "0:00:25"]

1. d4 Nf6 2. c4 g6 3. Nc3 Bg7 4. e4 d6 5. Nf3 O-O 6. Be2 Nbd7 7. O-O e5 8. Qc2 c6 9. d5 c5 10. Bg5 h6 11. Bd2 Nh5 12. g3 Ndf6 13. Nh4 Bh3 14. Ng2 Qd7 15. f3 Nh7 16. Rf2 f5 17. Nh4 Rf6 18. exf5 gxf5 19. Bf1 Bxf1 20. Raxf1 Ng5 21. Kg2 Re8 22. f4 exf4 23. Bxf4 Ne4 24. Nxe4 Rxe4 25. Bc1 b5 26. Re2 Rxc4 27. Qd1 Rd4 28. Rd2 Rxd2+ 29. Bxd2 Qf7 30. Qe2 Qxd5+ 31. Kh3 f4 32. Bxf4 Re6 33. Qxb5 Nf6 34. Rf2 Ne4 35. Re2 Bf6 36. Qb8+ Kf7 37. Qxa7+ Re7 38. Qa6 c4 39. Nf3 Ng5+ 40. Nxg5+ hxg5 41. Rxe7+ Bxe7 42. Be3 Qe4 43. Bxg5 Qf5+ 44. Kg2 Qd5+ 45. Kh3 Bxg5 46. Qa7+ Kg6 47. Qf2 Qf5+ 48. Qxf5+ Kxf5 49. a4 Bf6 50. a5 Bxb2 51. a6 Bd4 0-1


[Site "https://www.chess.com"]

[Event "Titled Tuesday Blitz June 21 Early 2022"]
[White "Przybylski, Wojciech"]
[Black "Prieto Aranguren, Alain"]
[WhiteFideId "1117599"]
[BlackFideId "2268906"]
[WhiteElo "2133"]
[BlackElo "2224"]
[Result "1-0"]
[Round "02"]
[TimeControl "180+1"]
[Date "2022.06.22"]
[WhiteClock "0:00:04"]
[BlackClock "0:00:06"]

1. d4 Nf6 2. Nf3 g6 3. c4 c5 4. dxc5 Na6 5. g3 Nxc5 6. Bg2 Bg7 7. O-O O-O 8. Nc3 d6 9. h3 Be6 10. Nd2 Qc8 11. Nd5 Nxd5 12. cxd5 Bxh3 13. e4 Bxg2 14. Kxg2 Nd3 15. Qb3 Nxc1 16. Raxc1 Qd7 17. Nc4 Rac8 18. Na5 Rc7 19. Rxc7 Qxc7 20. Nc4 Rc8 21. Ne3 Qb6 22. Qxb6 axb6 23. b3 Bd4 24. Nc4 b5 25. Nd2 Rc2 26. Nf3 Bc5 27. a4 b4 28. e5 Rb2 29. a5 Rxb3 30. e6 fxe6 31. dxe6 Rb2 32. Ng5 Ra2 33. Ne4 Rxa5 34. f4 Ra2+ 35. Kf3 b3 36. Rb1 Ra3 37. Ke2 Kg7 38. Nd2 b2 39. Rxb2 b6 40. g4 Kf6 41. Rb1 Kxe6 42. Rh1 Ra2 43. Kd3 h5 44. gxh5 gxh5 45. Rxh5 b5 46. Ne4 Bb6 47. Nc3 Ra3 48. Kc2 b4 49. f5+ Kd7 50. Nd5 Bc5 51. Rh7 Kc6 52. Nxe7+ Kb5 53. Nd5 Ra2+ 54. Kb1 b3 55. Nc3+ Kc4 56. Nxa2 bxa2+ 57. Kxa2 Kd5 58. f6 Ke6 59. f7 Ke7 60. Kb3 Kf8 61. Kc4 Be3 62. Kd5 Bf4 63. Ke6 Be5 64. Rh1 Bg7 65. Rg1 d5 66. Rb1 Bc3 67. Rb8+ 1-0


[Site "https://www.chess.com"]

[Event "Titled Tuesday Blitz June 21 Early 2022"]
[White "Riehle, Marco"]
[Black "Sargsyan, Anna M."]
[WhiteFideId "12904392"]
[BlackFideId "13308130"]
[WhiteElo "2462"]
[BlackElo "2271"]
[Result "1-0"]
[Round "02"]
[TimeControl "180+1"]
[Date "2022.06.21"]
[WhiteClock "0:02:17"]
[BlackClock "0:00:53"]

1. e4 c6 2. c4 d5 3. exd5 cxd5 4. cxd5 Nf6 5. Nc3 Nxd5 6. Nf3 Nc6 7. Bb5 e6 8. O-O Be7 9. d4 O-O 10. Re1 a6 11. Bd3 b5 12. Nxd5 Qxd5 13. Be4 Qd6 14. Ne5 Bb7 15. Bf4 g5 16. Bg3 f5 17. Nxc6 f4 18. Qh5 Rf7 19. Nxe7+ 1-0


[Site "https://www.chess.com"]

[Event "Titled Tuesday Blitz June 21 Early 2022"]
[White "Roberson, Peter T"]
[Black "Marn, Jan"]
[WhiteFideId "412384"]
[BlackFideId "14619245"]
[WhiteElo "2346"]
[BlackElo "2105"]
[Result "0-1"]
[Round "02"]
[TimeControl "180+1"]
[Date "2022.06.22"]
[WhiteClock "0:00:02"]
[BlackClock "0:00:27"]

1. e4 e5 2. Nf3 Nc6 3. Bc4 Bc5 4. O-O Nf6 5. Re1 d6 6. c3 Bb6 7. h3 O-O 8. d4 h6 9. a4 a5 10. Bb3 Re8 11. d5 Ne7 12. Na3 Ng6 13. Nc4 Bc5 14. Bc2 Nh5 15. Be3 Nhf4 16. Bxc5 dxc5 17. d6 Be6 18. Ncxe5 Nxe5 19. Nxe5 Qg5 20. Ng4 h5 21. Ne3 Rad8 22. e5 cxd6 23. exd6 Bd5 24. g3 Nxh3+ 25. Kf1 Rxd6 26. Nxd5 Rxe1+ 27. Qxe1 Re6 28. Ne3 h4 29. Rd1 hxg3 30. fxg3 g6 31. Kg2 Rxe3 32. Qf1 Qxg3+ 33. Kh1 Nf2+ 0-1


[Site "https://www.chess.com"]

[Event "Titled Tuesday Blitz June 21 Early 2022"]
[White "Rohith Krishna S"]
[Black "Sankalan Shah"]
[WhiteFideId "46617051"]
[BlackFideId "25600362"]
[WhiteElo "2117"]
[BlackElo "1648"]
[Result "1-0"]
[Round "02"]
[TimeControl "180+1"]
[Date "2022.06.22"]
[WhiteClock "0:02:35"]
[BlackClock "0:01:38"]

1. Nf3 Nf6 2. c4 e6 3. g3 d5 4. Bg2 Be7 5. O-O O-O 6. b3 c5 7. cxd5 exd5 8. Bb2 Nc6 9. d4 Be6 10. Nc3 Rc8 11. Rc1 b6 12. dxc5 bxc5 13. Na4 c4 14. Nd4 Nxd4 15. Bxd4 Qa5 16. e3 Ne4 17. bxc4 Nd2 18. Bc3 Bb4 19. Qxd2 1-0


[Site "https://www.chess.com"]

[Event "Titled Tuesday Blitz June 21 Early 2022"]
[White "Ronka, Erik"]
[Black "Pham, Tran Gia Phuc"]
[WhiteFideId "505080"]
[BlackFideId "12415669"]
[WhiteElo "2264"]
[BlackElo "1789"]
[Result "0-1"]
[Round "02"]
[TimeControl "180+1"]
[Date "2022.06.22"]
[WhiteClock "0:01:38"]
[BlackClock "0:02:08"]

1. c4 Nf6 2. g3 g6 3. Bg2 c5 4. Nc3 Bg7 5. e4 O-O 6. Nge2 Nc6 7. O-O d6 8. d3 Rb8 9. h3 a6 10. a4 Nd7 11. f4 Nd4 12. Kh2 e6 13. f5 exf5 14. exf5 Nxf5 15. Rxf5 gxf5 16. Nf4 Be5 17. Ncd5 Nf6 18. Be3 Be6 19. d4 cxd4 20. Bxd4 Bxd5 21. cxd5 Re8 22. Qd3 Ne4 23. Rf1 Bxd4 24. Qxd4 Qf6 25. Qd3 Qxb2 26. Nh5 Qe5 27. Qe3 Kh8 28. Qh6 Rg8 29. Rf4 Rg6 0-1


[Site "https://www.chess.com"]

[Event "Titled Tuesday Blitz June 21 Early 2022"]
[White "Rostovtsev, Dmitry"]
[Black "Rom, Jasper"]
[WhiteFideId "34278320"]
[BlackFideId "2023733"]
[WhiteElo "2769"]
[BlackElo "2478"]
[Result "1-0"]
[Round "02"]
[TimeControl "180+1"]
[Date "2022.06.22"]
[WhiteClock "0:00:10"]
[BlackClock "0:00:01"]

1. d4 d5 2. Bf4 Nf6 3. e3 c5 4. c3 Qb6 5. Qb3 c4 6. Qc2 Nc6 7. Nd2 Qa5 8. e4 e6 9. Ngf3 b5 10. Be2 Bb7 11. O-O Be7 12. b4 Qb6 13. e5 Ne4 14. Nxe4 dxe4 15. Nd2 a5 16. a3 O-O 17. Nxe4 Ra7 18. Bg5 h6 19. Bxe7 Nxe7 20. Nd6 Bd5 21. Rab1 axb4 22. Rxb4 Rxa3 23. Nxb5 Rb3 24. Rb1 Nc6 25. R4xb3 cxb3 26. Qc1 Na5 27. c4 Rc8 28. Nd6 Rc7 29. h3 Qb4 30. Qb2 Nxc4 31. Qxb3 Qxb3 32. Rxb3 Nxd6 33. exd6 Rd7 34. Rb6 f6 35. Bb5 Rd8 36. d7 Kf7 37. g4 Ke7 38. f4 g5 39. fxg5 hxg5 40. Kf2 Ra8 41. Ke1 Ra1+ 42. Kd2 Ra2+ 43. Kc3 Ra3+ 44. Kc2 Ra8 45. Kc3 Ra3+ 46. Kb4 Ra8 47. Kc5 Rd8 48. Ra6 Rb8 49. Ra7 Rd8 50. Bc6 Bb3 51. Kb6 Bc4 52. Kc7 Bb3 53. Rb7 Bc4 54. Rb6 1-0


[Site "https://www.chess.com"]

[Event "Titled Tuesday Blitz June 21 Early 2022"]
[White "Rustemov, Alexander"]
[Black "Baches Garcia, Guillermo"]
[WhiteFideId "4119002"]
[BlackFideId "2209764"]
[WhiteElo "2748"]
[BlackElo "2448"]
[Result "1-0"]
[Round "02"]
[TimeControl "180+1"]
[Date "2022.06.22"]
[WhiteClock "0:01:15"]
[BlackClock "0:00:02"]

1. d4 Nf6 2. c4 e6 3. Nf3 d5 4. Nc3 c5 5. cxd5 cxd4 6. Qxd4 exd5 7. Bg5 Be7 8. e3 O-O 9. Rd1 Be6 10. Be2 h6 11. Bh4 Nc6 12. Qd3 Qb6 13. Qb5 Qxb5 14. Bxb5 Rac8 15. O-O Rfd8 16. a3 g5 17. Bg3 Ne4 18. Ne2 h5 19. h4 Nxg3 20. Nxg3 gxh4 21. Nxh5 h3 22. Nf4 hxg2 23. Kxg2 Bf6 24. Bxc6 bxc6 25. Nd4 Bd7 26. b4 Kf8 27. Kf3 Ke7 28. Nd3 Rg8 29. Rg1 Bxd4 30. exd4 Bf5 31. Nc5 Kd6 32. Kf4 1-0


[Site "https://www.chess.com"]

[Event "Titled Tuesday Blitz June 21 Early 2022"]
[White "Sadykov, Ramil"]
[Black "Einarsson, Halldor Gretar"]
[WhiteFideId "24113590"]
[BlackFideId "2300150"]
[WhiteElo "2226"]
[BlackElo "2114"]
[Result "1-0"]
[Round "02"]
[TimeControl "180+1"]
[Date "2022.06.22"]
[WhiteClock "0:00:21"]
[BlackClock "0:00:02"]

1. e4 c5 2. Nf3 Nc6 3. d4 cxd4 4. Nxd4 Nf6 5. Nc3 e5 6. Ndb5 d6 7. Bg5 a6 8. Na3 b5 9. Bxf6 gxf6 10. Nd5 f5 11. Bxb5 axb5 12. Nxb5 Ra4 13. Nbc7+ Kd7 14. O-O Qg5 15. f4 exf4 16. Rxf4 Rxe4 17. Rxe4 fxe4 18. Qf1 f5 19. Nb5 Rg8 20. Rd1 Bg7 21. Nb6+ Ke7 22. Nxc8+ Rxc8 23. Nxd6 Rf8 24. Qc4 Qe3+ 25. Kh1 Ne5 26. Qc7+ Ke6 27. Nc8 Nf7 28. Qe7# 1-0


[Site "https://www.chess.com"]

[Event "Titled Tuesday Blitz June 21 Early 2022"]
[White "Samsonkin, Artiom"]
[Black "Koellner, Ruben Gideon"]
[WhiteFideId "13503111"]
[BlackFideId "12993093"]
[WhiteElo "2779"]
[BlackElo "2564"]
[Result "1-0"]
[Round "02"]
[TimeControl "180+1"]
[Date "2022.06.22"]
[WhiteClock "0:00:19"]
[BlackClock "0:00:46"]

1. d4 d6 2. Nf3 Nf6 3. Bf4 g6 4. Nc3 Bg7 5. e4 O-O 6. Qd2 Nc6 7. Bh6 e5 8. Bxg7 Kxg7 9. O-O-O Bg4 10. dxe5 dxe5 11. Qe3 Qe7 12. Nd5 Nxd5 13. exd5 Bxf3 14. gxf3 Nb4 15. a3 Na6 16. Bxa6 bxa6 17. f4 Rfe8 18. Rhe1 f6 19. fxe5 Qxe5 20. Qxe5 Rxe5 21. f4 Rxe1 22. Rxe1 Kf7 23. Re6 Rd8 24. c4 Rd6 25. Rxd6 cxd6 26. Kd2 a5 27. Kd3 g5 28. fxg5 fxg5 29. Ke4 Kf6 30. b4 axb4 31. axb4 h5 32. c5 dxc5 33. bxc5 a5 34. c6 Ke7 35. Ke5 a4 36. d6+ Kd8 37. Ke6 a3 38. c7+ Kc8 39. d7+ Kxc7 40. Ke7 a2 41. d8=Q+ Kc6 42. Qd1 g4 43. Qa1 h4 44. Qxa2 g3 45. Qc4+ Kb6 46. Qxh4 g2 47. Qg3 g1=Q 48. Qxg1+ 1-0


[Site "https://www.chess.com"]